Map: Winter's Gate LE

Players

Djorn - Winner!

  • Race: Protoss Protoss
  • League: Silver
  • Spawn Location: 11:00

Gladiator

  • Race: Protoss Protoss
  • League: Silver
  • Spawn Location: 5:00

VOD

Have the link to the VOD?

Description

Time

  • Played on: Aug. 27, 2019, 12:40 p.m.
  • Length: 8:30
Show
View Real Time Build Order
Export as new Build Order

Djorn Protoss - Winner!

Build Orders:  

Get SALT Encoding   

  12  0:01  Probe  
  13  0:13  Probe  
  14  0:19  Pylon  
  14  0:25  Probe  
  15  0:38  Probe  
  16  0:48  Gateway  
  16  0:50  Probe  
  17  0:58  Probe  
  17  1:02  Assimilator  
  18  1:06  Assimilator  
  18  1:07  Probe  
  19  1:20  Probe  
  20  1:27  Gateway  
  20  1:58  Cybernetics Core  
  20  2:00  Probe  
  21  2:08  Probe  
  22  2:16  Probe  
  23  2:45  Pylon  
  23  2:49  Pylon  
  23  2:50  Warp Gate  
  23  2:51  Pylon  
  23  2:57  Stalker  
  23  3:03  Probe  
  24  3:06  Stalker  
  28  3:24  Gateway  
  28  3:26  Gateway, Stalker  
  28  3:28  Robotics Facility  
  30  3:55  Stalker  
  32  4:21  Probe  
  33  4:24  Observer  
  34  4:33  Probe  
  34  4:38  Immortal  
  35  4:40  Pylon  
  35  4:45  Probe  
  40  4:52  Adept  
  40  4:53  Adept x2  
  46  5:02  Nexus  
  46  5:06  Pylon  
  46  5:08  Immortal  
  46  5:10  Pylon  
  46  5:20  Pylon  
  49  5:38  Zealot x4  
  57  5:45  Warp Prism  
  59  6:07  Stalker x2  
  59  6:08  Stalker x2  
  61  7:08  Stalker x4  
  67  7:34  Stalker  
  67  7:35  Stalker x3  
  67  7:58  Stalker  
  67  7:59  Stalker x3  
Show
View Real Time Build Order
Export as new Build Order

Gladiator Protoss 

Build Orders: Nexus First 

Get SALT Encoding   

  12  0:08  Probe  
  13  0:17  Probe  
  14  0:25  Pylon  
  14  0:52  Nexus  
  14  0:57  Probe  
  15  1:06  Pylon, Probe  
  16  1:19  Gateway  
  16  1:22  Probe  
  17  1:32  Assimilator  
  17  1:34  Probe  
  17  1:37  Assimilator  
  18  1:50  Forge, Probe  
  19  2:08  Probe x2  
  20  2:12  Zealot  
  23  2:19  Probe  
  23  2:20  Cybernetics Core, Probe  
  25  2:27  Probe  
  25  2:28  Probe  
  27  2:37  Probe  
  27  2:48  Photon Cannon  
  27  2:51  Probe  
  28  2:53  Probe, Assimilator  
  28  2:58  Zealot  
  31  3:00  Warp Gate  
  31  3:06  Assimilator  
  31  3:08  Probe x2  
  33  3:16  Probe x2  
  33  3:25  Probe, Stalker  
  33  3:26  Probe  
  37  3:47  Probe x2  
  39  3:55  Stalker  
  39  3:59  Probe x2  
  43  4:11  Probe x2  
  43  4:16  Pylon  
  45  4:19  Probe  
  45  4:23  Probe  
  45  4:27  Probe  
  45  4:28  Pylon  
  45  4:31  Pylon  
  45  4:33  Pylon  
  45  4:36  Probe  
  45  4:38  Probe  
  47  4:39  Stargate  
  47  4:44  Stargate  
  48  4:47  Stargate  
  48  4:52  Stargate  
  48  4:56  Stargate  
  48  5:00  Pylon, Probe  
  48  5:01  Stalker  
  48  5:06  Gateway  
  51  5:19  Pylon  
  51  5:26  Stalker  
  53  5:31  Probe  
  53  5:32  Probe  
  55  5:36  Fleet Beacon  
  55  5:49  Nexus  
  55  5:54  Probe x2  
  55  5:56  Assimilator  
  57  6:01  Assimilator  
  57  6:04  Pylon  
  57  6:07  Probe x2  
  57  6:10  Stalker  
  61  6:12  Carrier, Stalker  
  63  6:19  Probe x2  
  63  6:24  Carrier  
  77  6:40  Carrier  
  77  6:41  Probe  
  77  6:42  Probe  
  75  6:59  Stalker x2  
  60  7:26  Zealot  
  60  7:27  Zealot  
  68  7:43  Probe x2  
  57  7:55  Probe x2  
Tags
 
Matchup
PvP
Replay Pack
sc2replays
Spawn Locations
Cross Positions
Add a new tag
Caveats
  • Supply blocks, unpowered buildings, or Contaminate may cause inaccurate times.
  • Supply counts are checked every 10 seconds.